 Dungeon Crawl Stone Soup version 0.29.0-5-ge4962eb29e (webtiles) character file.

Game seed: 5883601770250280199

102 LynnLen the Sneak (level 4, -8/22 HPs)
             Began as a Spriggan Enchanter on Aug 29, 2022.
             Mangled by an orc
             ... wielding a +0 war axe
              (10 damage)
             ... on level 3 of the Dungeon.
             The game lasted 00:09:26 (2986 turns).

LynnLen the Sneak (Spriggan Enchanter)              Turns: 2986, Time: 00:09:27

Health: -8/22      AC:  2    Str:  4    XL:     4   Next: 50%
Magic:  4/10       EV: 17    Int: 18    God:
Gold:   156        SH:  0    Dex: 15    Spells: 1/10 levels left

rFire   . . .      SeeInvis +   a - +1 dagger
rCold   . . .      Faith    .   (no shield)
rNeg    . . .      Spirit   .   b - +0 robe
rPois   .          Reflect  .   (helmet restricted)
rElec   .          Harm     .   (no cloak)
rCorr   .          Rampage  .   (gloves unavailable)
Will    .....                   (boots unavailable)
Stlth   +++.......              (no amulet)
HPRegen 0.07/turn               (no ring)
MPRegen 0.12/turn               (no ring)

@: very quick
A: very small, no large weapons, unfitting armour, see invisible, speed 3
a: no special abilities


You were on level 3 of the Dungeon.
You visited 1 branch of the dungeon, and saw 3 of its levels.

You collected 156 gold pieces.

Inventory:

Hand Weapons
 a - a +1 dagger (weapon)
Armour
 b - a +0 robe (worn)
Jewellery
 m - a ring of ice
Scrolls
 d - 4 scrolls of poison {unknown}
 e - a scroll of magic mapping {unknown}
 f - 2 scrolls of noise {unknown}
 g - a scroll of fear {unknown}
 h - 2 scrolls of vulnerability {unknown}
 j - 2 scrolls of summoning {unknown}
 l - a scroll of amnesia {unknown}
 p - a scroll of brand weapon {unknown}
Potions
 c - 2 potions of invisibility
 i - a potion of brilliance {unknown}
 k - a potion of cancellation {unknown}
 n - 2 potions of attraction {unknown}
 o - 3 potions of curing {unknown}


   Skills:
 + Level 1.3 Fighting
 - Level 1.1 Short Blades
 - Level 2.6 Dodging
 + Level 5.3 Stealth
 + Level 3.5 Spellcasting
 + Level 4.3 Hexes
 + Level 0.7 Transmutations
 + Level 1.0 Ice Magic
 + Level 0.2 Poison Magic


You had one spell level left.
You knew the following spells:

 Your Spells              Type           Power      Damage    Failure   Level
a - Ensorcelled Hibernat  Hex/Ice        24%        N/A       8%          2
b - Confusing Touch       Hex            18%        N/A       8%          3
c - Tukima's Dance        Hex            18%        N/A       8%          3
d - Sting                 Tmut/Pois      16%        1d3       13%         1

Your spell library contained the following spells:

 Spells                   Type           Power      Damage    Failure   Level
 Dazzling Flash           Conj/Hex       22%        N/A       19%         3
 Poisonous Vapours        Pois/Air       6%         N/A       22%         2
 Olgreb's Toxic Radiance  Pois           3%         N/A       80%         4
 Fireball                 Conj/Fire      1%         3d3       99%         5
 Starburst                Conj/Fire      1%         6d3       100%        6
 Ignition                 Fire           1%         3d3       100%        8


Dungeon Overview and Level Annotations

Branches:
Dungeon (3/15)

Altars:
Hepliaklqana


Innate Abilities, Weirdness & Mutations

You are very small and have problems with some larger weapons.
You are too small for most types of armour.
You have supernaturally acute eyesight. (SInv)
You cover ground extremely quickly. (Speed+++)


Message History

The sting hits the orc but does no damage.
The orc is poisoned.
The orc hits you with a +0 hand axe.
You barely miss the orc.
The orc is moderately wounded.
The orc misses you.
You hit the orc.
The orc is severely wounded.
The orc barely misses you.
You hit the orc but do no damage.
The orc is almost dead.
The orc barely misses you.
You hit the orc but do no damage.
The orc is almost dead.
The orc misses you.
You hit the orc.
You kill the orc!
The orc cheers to no one in particular.
Your magical contamination has completely faded away.
You closely miss the orc. You hit the orc.
The orc is severely wounded.
The orc misses you.
You hit the orc.
You kill the orc!
You hit the orc but do no damage.
The orc is heavily wounded.
The orc looks more healthy.
The orc barely misses you.
You closely miss the orc.
The orc is heavily wounded.
The orc hits you with a +0 war axe.
* * * LOW HITPOINT WARNING * * *
You hit the orc but do no damage.
The orc is heavily wounded.
The orc hits you with a +0 war axe.
* * * LOW HITPOINT WARNING * * *
You hit the orc but do no damage.
The orc is heavily wounded.
The orc hits you with a +0 war axe!
You die...

...# #.#..#..............# # ...#
#.#..#..##..#..#..#.#.# .###
#.#..#..##..#..#..#.#.#
..#######....)..# ............#
..............#.# #.#.###.#.#####
..#####..##.<.#.###.#.###.#.#...#
..#####..#....#........|..#..###.
......#.......####.....####..# #.
...............o@......# ##.###.
......#....^..####.....# ##...#
..######.#...## #.....# ##.##
..######.#.############# ###.##
....>....#.##.....).# #.....
..########.##.#####.# #.....
#.##.#####.# #..... #..)....##.#
#..... ####.##.##.## #...>.


You could see an orc.

Vanquished Creatures
  4 adders
  A worm (D:2)
  2 dart slugs
  6 orcs (D:3)
  4 endoplasms
  5 giant cockroaches
  5 hobgoblins
  4 ball pythons
  2 bats
  2 frilled lizards (D:1)
  6 goblins
  5 kobolds
  5 rats
51 creatures vanquished.

Vanquished Creatures (others)
  A dancing weapon (D:3)
1 creature vanquished.

Grand Total: 52 creatures vanquished

Notes
Turn   | Place    | Note
-------+----------+-------------------------------------------
     0 | D:1      | LynnLen the Spriggan Enchanter began the quest for the Orb.
     0 | D:1      | Reached XP level 1. HP: 9/9 MP: 5/5
   585 | D:1      | Reached XP level 2. HP: 10/14 MP: 6/6
   742 | D:1      | Found a faded altar of an unknown god.
  1299 | D:1      | Learned a level 2 spell: Ensorcelled Hibernation
  1392 | D:2      | Found a hazy altar of Hepliaklqana.
  1403 | D:2      | Reached XP level 3. HP: 15/17 MP: 4/8
  1416 | D:2      | Learned a level 3 spell: Confusing Touch
  1420 | D:2      | Learned a level 3 spell: Tukima's Dance
  1570 | D:2      | Reached skill level 1 in Fighting
  1570 | D:2      | Reached skill level 5 in Stealth
  2088 | D:2      | Reached XP level 4. HP: 22/22 MP: 5/10
  2193 | D:2      | Learned a level 1 spell: Sting
  2637 | D:3      | Reached skill level 1 in Ice Magic
  2986 | D:3      | Mangled by an orc

Illustrated notes

Levels and vault maps discovered:
D:1:      eino_arrival_tree_alley, layout_basic,
          dreamdust_ecumenical_altar_angels_and_demons
D:2:      minmay_chambers_of_twos, layout_rooms, basic_altar
D:3:      layout_loops_cross, uniq_jessica, uniq_sigmund

Skill      XL: |  1  2  3  4 |
---------------+-------------+-----
Spellcasting   | 3 |  3.5
Hexes          | 4 |  4.3
Fighting       | 1 |  1.3
Stealth        | 5 |  5.3
Ice Magic      | 1 |  1.0
Short Blades   | |  1.1
Dodging        | |  2.6
Transmutations | |  0.7
Poison Magic   | |  0.2

Action                   |  1- 3 |  4- 6 || total
-------------------------+-------+-------++-------
Melee: Dagger            |    94 |    59 ||   153
 Cast: Ensorcelled Hiber |    18 |     3 ||    21
       Sting             |       |    13 ||    13
       Tukima's Dance    |       |     1 ||     1
 Stab: Sleeping          |    14 |     3 ||    17
Armor: Robe              |     8 |     3 ||    11
Dodge: Dodged            |    84 |    37 ||   121
